 Dungeon Crawl Stone Soup version 0.19.1-1-g22dce08 (webtiles) character file.

241 theAP the Shield-Bearer (level 6, -2/39 HPs)
             Began as a Gargoyle Fighter on Jan 5, 2017.
             Slain by an ogre
             ... wielding a +0 giant spiked club
              (13 damage)
             ... on level 4 of the Dungeon.
             The game lasted 00:07:22 (2287 turns).

theAP the Shield-Bearer (Gargoyle Fighter)          Turns: 2287, Time: 00:07:23

Health: -2/39      AC: 14    Str: 21    XL:     6   Next: 8%
Magic:  6/6        EV: 12    Int:  9    God:
Gold:   120        SH: 11    Dex: 14    Spells: 0 memorised, 5 levels left

rFire  . . .     SeeInvis .     a - +0 flail
rCold  + . .     Gourm    .     b - +0 scale mail
rNeg   + . .     Faith    .     c - +1 shield
rPois  ∞         Spirit   .     (no helmet)
rElec  +         Reflect  .     (no cloak)
rCorr  .         Harm     .     p - +2 pair of gloves
MR     .....                    (no boots)
Stlth  +.........               (no amulet)
                                m - ring of ice
                                o - ring of protection from fire

@: agile
A: negative energy resistance 1, electricity resistance, unbreathing,
petrification resistance, rot immunity, AC +4
a: no special abilities


You were on level 4 of the Dungeon.
You were not hungry.

You visited 1 branch of the dungeon, and saw 4 of its levels.

You collected 120 gold pieces.

Inventory:

Hand Weapons
 a - a +0 flail (weapon)
Armour
 b - a +0 scale mail (worn)
 c - a +1 shield (worn)
 p - a +2 pair of gloves (worn)
Jewellery
 m - a ring of ice (right hand)
 o - a ring of protection from fire (left hand)
Wands
 u - a wand of acid (2/15)
Scrolls
 e - 2 scrolls of recharging
 g - a scroll of random uselessness
 k - 2 scrolls of identify
 n - a scroll of magic mapping
Potions
 d - a potion of might
 h - a potion of agility
 i - 2 potions of resistance
Comestibles
 f - 2 bread rations
 j - a royal jelly
 l - 2 slices of pizza
 q - 2 fruits
 r - a meat ration


   Skills:
 + Level 4.4 Fighting
 * Level 4.2 Maces & Flails
 - Level 3.4 Armour
 + Level 4.9 Shields


You had 5 spell levels left.
You didn't know any spells.

Dungeon Overview and Level Annotations

Branches:
Dungeon (4/15)
 Temple: D:4-7

Altars:


Innate Abilities, Weirdness & Mutations

You are resistant to torment.
Your stone body is resilient. (AC +4)
You are immune to poison.
You resist negative energy. (rN+)
You are resistant to electric shocks. (rElec)
You can survive without breathing.
You are immune to petrification.
You are immune to rotting.


Message History

The ogre barely misses you.
You hit the ogre.
The ogre is heavily wounded.
The ogre hits you with a giant spiked club!
* * * LOW HITPOINT WARNING * * *
You are too injured to fight recklessly!
You are too injured to fight recklessly!
You are too injured to fight recklessly!
Unknown command.
It was a potion of agility.
You feel agile all of a sudden. You block the ogre's attack.
You are too injured to fight recklessly!
You are too injured to fight recklessly!
You are too injured to fight recklessly!
You are too injured to fight recklessly!
You completely miss the ogre.
The ogre is heavily wounded.
The ogre hits you with a giant spiked club!
You die...

###.)........
########..)###......
########......).###
#...... #........########
######. ##.########....#
## ##..# #.[).# # ####.<##
#....##### # #....##
##.O.......## ### ######
#.@...# #...####..
##.....# #....... #......#
#...... #.######
#####......
######.########..........
#........†..)........>...
#<.###.#######....##......
... #....######## #.##
#...##


You could see an ogre.

Vanquished Creatures
  A scorpion (D:4)
  2 orc wizards (D:4)
  4 adders
  An adder skeleton (D:4)
  3 worms
  2 dart slugs (D:1)
  2 leopard geckos
  3 orcs
  7 giant cockroaches
  6 goblins
  8 hobgoblins
  3 jackals (D:3)
  2 quokkas
  11 bats
  9 frilled lizards
  8 kobolds
  7 rats
79 creatures vanquished.

Notes
Turn   | Place    | Note
-------+----------+-------------------------------------------
     0 | D:1      | theAP the Gargoyle Fighter began the quest for the Orb.
     0 | D:1      | Reached XP level 1. HP: 14/14 MP: 1/1
   140 | D:1      | Reached XP level 2. HP: 15/19 MP: 2/2
   391 | D:1      | Reached XP level 3. HP: 18/23 MP: 3/3
  1048 | D:2      | Reached XP level 4. HP: 20/29 MP: 4/4
  1693 | D:3      | Reached XP level 5. HP: 31/33 MP: 5/5
  2012 | D:4      | Reached XP level 6. HP: 11/39 MP: 6/6
  2287 | D:4      | Slain by an ogre

Skill      XL: |  1  2  3  4  5 |
---------------+----------------+-----
Shields        | 4 |  4.9
Maces & Flails | 3 4 |  4.2
Fighting       | 4 |  4.4
Armour         | |  3.4

Action                   |  1- 3 |  4- 6 || total
-------------------------+-------+-------++-------
Melee: Flail             |   197 |   218 ||   415
  Use: Scroll            |     5 |     6 ||    11
       Potion            |       |     2 ||     2
  Eat: Chunk             |     1 |     5 ||     6
Armor: Scale mail        |   112 |   132 ||   244
Dodge: Dodged            |    71 |    65 ||   136
Block: Shield            |   125 |   131 ||   256
